 Dungeon Crawl Stone Soup version 0.29-a0-330-g52719c12eb (webtiles) character file.

Game seed: 10469264300762532979

51541 kae the Arsonist (level 13, -2/97 (110) HPs)
             Began as a Demigod Fire Elementalist on Apr 22, 2022.
             Slain by Urug
             ... wielding a +4 broad axe of draining
              (5 damage)
             ... on level 12 of the Dungeon.
             The game lasted 00:26:45 (33083 turns).

kae the Arsonist (Demigod Fire Elementalist)       Turns: 33083, Time: 00:26:46

HP:   -2/97 (110)   AC: 13    Str:  9    XL:     13   Next: 90%
MP:   10/30         EV: 16    Int: 39    God:
Gold: 672           SH:  8    Dex: 14    Spells: 10/29 levels left

rFire   + . .      SeeInvis .   R - staff of fire
rCold   . . .      Faith    .   N - +3 buckler
rNeg    . . .      Spirit   .   F - +0 steam dragon scales
rPois   .          Reflect  .   h - +1 hat
rElec   .          Harm     .   (no cloak)
rCorr   .          Rampage  .   (no gloves)
Will    +....                   J - +2 pair of boots
Stlth   ++++......              (no amulet)
HPRegen 0.26/turn               d - +6 ring of intelligence
MPRegen 0.22/turn               P - +4 ring of protection

@: heavily drained
A: high MP 1, forlorn, divine attributes
a: no special abilities


You were on level 12 of the Dungeon.
You visited 2 branches of the dungeon, and saw 18 of its levels.
You also visited: Ossuary.

You collected 1297 gold pieces.
You spent 625 gold pieces at shops.

Inventory:

Hand Weapons
 a - a +2 battleaxe of electrocution
 c - a +1 whip of freezing
Missiles
 H - a throwing net
Armour
 h - a +1 hat (worn)
 F - +0 steam dragon scales (worn)
 J - a +2 pair of boots (worn)
 N - a +3 buckler (worn)
Magical Staves
 R - a staff of fire (weapon)
Jewellery
 d - a +6 ring of intelligence (left hand)
 B - a ring of ice
 G - a ring of resist corrosion
 P - a +4 ring of protection (right hand)
 Q - a ring of protection from cold
Wands
 u - a wand of flame (55)
 v - a wand of paralysis (14)
 A - a wand of digging (3)
 D - a wand of mindburst (9)
 I - a wand of iceblast (11)
 U - a wand of acid (3)
Scrolls
 f - 4 scrolls of teleportation
 m - a scroll of enchant armour
 q - 5 scrolls of noise
 w - 7 scrolls of fear
 x - 9 scrolls of identify
 y - 2 scrolls of immolation
 z - 4 scrolls of blinking
 E - 3 scrolls of fog
 M - 2 scrolls of amnesia
 O - 2 scrolls of magic mapping
 T - 2 scrolls of brand weapon
Potions
 b - 3 potions of brilliance
 e - 4 potions of degeneration
 g - a potion of flight
 i - 4 potions of curing
 j - 7 potions of mutation
 k - 7 potions of heal wounds
 l - 2 potions of resistance
 n - 3 potions of magic
 o - 9 potions of attraction
 p - 2 potions of haste
 r - a potion of berserk rage
 s - 3 potions of ambrosia
 t - a potion of might
 C - 2 potions of lignification
 K - a potion of cancellation
 L - 2 potions of invisibility


   Skills:
 + Level 8.9 Fighting
 + Level 9.3 Dodging
 - Level 8.6 Stealth
 - Level 3.0 Shields
 * Level 8.7 Spellcasting
 - Level 9.0 Conjurations
 * Level 12.9 Fire Magic


You had 10 spell levels left.
You knew the following spells:

 Your Spells              Type           Power      Damage    Failure   Level
a - Foxfire               Conj/Fire      100%       2x1d9     1%          1
b - Scorch                Fire           100%       2d10      1%          2
c - Conjure Flame         Conj/Fire      100%       6-21      1%          3
d - Inner Flame           Hex/Fire       79%        N/A       1%          3
e - Flame Wave            Conj/Fire      100%       2d17      1%          4
f - Mephitic Cloud        Conj/Pois/Air  40%        N/A       2%          3
g - Ignite Poison         Fire/Tmut/Pois 66%        N/A       1%          3

Your spell library contained the following spells:

 Spells                   Type           Power      Damage    Failure   Level
 Magic Dart               Conj           100%       1d8       1%          1
 Searing Ray              Conj           100%       2d8       1%          2
 Fulminant Prism          Conj/Hex       25%        3d14      4%          4
 Frozen Ramparts          Ice            32%        1d5       9%          3
 Freezing Cloud           Conj/Ice/Air   20%        6-21      22%         5
 Animate Dead             Necr           8%         N/A       28%         4
 Ice Form                 Ice/Tmut       16%        N/A       28%         4
 Passage of Golubria      Tloc           16%        N/A       28%         4
 Summon Ice Beast         Ice/Summ       16%        N/A       28%         4
 Borgnjor's Vile Clutch   Necr/Erth      8%         N/A       61%         5
 Silence                  Hex/Air        8%         N/A       61%         5
 Death Channel            Necr           8%         N/A       99%         6
 Dispersal                Tloc           8%         N/A       99%         6
 Disjunction              Tloc           8%         N/A       100%        8
 Lehudib's Crystal Spear  Conj/Erth      25%        10d7      100%        8


Dungeon Overview and Level Annotations

Branches:
Dungeon (12/15)            Temple (0/1) D:4            Lair (6/6) D:8
  Swamp (0/4) Lair:2       Spider (0/4) Lair:2        Slime (0/5) Lair:5
    Orc (0/2) D:9         Ossuary (visited)

Shops:
D:2 :(!*   D:6 !!?

Annotations:
D:2 1 runed translucent door, Crazy Yiuf
D:7 2 transporters, Athor's ghost, novice VSFi
D:12 exclusion: ugly thing, Nergalle; Urug


Innate Abilities, Weirdness & Mutations

You have an increased reservoir of magic. (+10% MP)
You shall have no god before yourself.
Your divine heritage dramatically boosts your attributes as you level up.


Message History

The flame wave engulfs the orc wizard!
The orc wizard is severely wounded. (Press . to intensify the flame waves.)
The orc wizard hits you but does no damage.
A wave of flame ripples out!
The flame wave engulfs Urug!
Urug is lightly wounded.
The flame wave engulfs the orc wizard!
You kill the orc wizard!
The flame wave engulfs the orc!
You kill the orc!
You block Urug's attack.
A wave of flame ripples out!
The flame wave engulfs Urug.
Urug is lightly wounded.
You finish channelling waves of flame.
You hear a bellow!
You block Urug's attack.
Casting: Flame Wave (safe; 1% risk of failure)
Confirm with . or Enter, or press ? or * to list all spells.
Casting: Flame Wave (safe; 1% risk of failure)
Press: ? - help, Dir - look around, f - activate You feel a surge of power!
A wave of flame ripples out!
The flame wave engulfs Urug!
Urug is moderately wounded. (Press . to intensify the flame waves.) Urug hits you with a +4 broad axe of draining!!
You feel drained.
A wave of flame ripples out!
The flame wave engulfs Urug!!
Urug is severely wounded.
Urug hits you with a +4 broad axe of draining!!
* * * LOW HITPOINT WARNING * * *
You feel drained.
* * * LOW HITPOINT WARNING * * *
A wave of flame ripples out!
The flame wave engulfs Urug!
Urug is almost dead.
You finish channelling waves of flame.
You hear a bellow!
Urug hits you with a +4 broad axe of draining!!
* * * LOW HITPOINT WARNING * * *
You feel drained.
You die...

#########
#.......###
#.......'.##
#......)#..#
#.....o)##.#
#.....@.##...o..^.
#.......####....o.
#.......# ......
#####'### #####
####..# #....##
#.#### ###'#######
#.........#


You could see Urug.

Vanquished Creatures
  Snorg (Lair:6)
  A boulder beetle (D:12)
  8 hydras
  A two-headed ogre (D:11)
  A goliath frog (Lair:6)
  A bog body (Lair:2)
  An orb spider (Lair:2)
  A manticore (D:11)
  8 black mambas
  A gargoyle (D:11)
  18 elephants
  20 cane toads
  A rime drake (Lair:2)
  10 komodo dragons
  A polar bear (Lair:3)
  A troll (D:10)
  4 tyrant leeches (Lair:6)
  13 blink frogs
  11 dream sheep
  Sigmund (D:4)
  2 shadows
  9 wyverns
  A wraith (D:10)
  3 basilisks
  42 yaks
  A steam dragon (D:8)
  8 vampire mosquitoes
  Menkaure (D:4)
  2 wargs (D:8)
  Edmund (D:4)
  An acid dragon (D:10)
  26 water moccasins
  6 orc warriors
  A black bear (D:8)
  3 ice beasts
  3 sky beasts
  An ogre (D:6)
  18 wolves
  3 centaurs
  26 bullfrogs
  A scorpion (D:4)
  6 necrophages
  9 wights
  6 killer bees
  5 howler monkeys
  2 centaur zombies (D:10)
  5 orc priests
  3 hounds
  5 iguanas
  A gnoll shaman (D:4)
  19 orc wizards
  8 mummies (Ossuary)
  10 gnolls
  4 adders
  A white imp (D:5)
  2 ufetubi
  A worm (D:3)
  3 dart slugs
  38 orcs
  A bat (D:3)
  6 endoplasms
  4 giant cockroaches
  2 gnoll zombies
  9 goblins
  6 hobgoblins
  4 jackals
  5 quokkas
  3 ball pythons
  A frilled lizard (D:2)
  A hobgoblin zombie (Ossuary)
  2 jackal zombies (D:4)
  5 kobolds
  4 kobold zombies (Ossuary)
  2 orc zombies (Ossuary)
  4 rats
  A rat zombie (D:4)
451 creatures vanquished.

Vanquished Creatures (collateral kills)
  3 foxfires
3 creatures vanquished.

Vanquished Creatures (others)
  1248 foxfires
  51 fungi
  96 plants
1395 creatures vanquished.

Grand Total: 1849 creatures vanquished

Notes
Turn   | Place    | Note
-------+----------+-------------------------------------------
     0 | D:1      | kae the Demigod Fire Elementalist began the quest for the
                  | Orb.
     0 | D:1      | Reached XP level 1. HP: 14/14 MP: 5/5
   109 | D:1      | Reached skill level 1 in Conjurations
   331 | D:1      | Reached XP level 2. HP: 22/22 MP: 4/7
   599 | D:1      | Reached skill level 3 in Fire Magic
  1490 | D:2      | Found Tuoheuh's General Store.
  1499 | D:2      | Reached XP level 3. HP: 27/27 MP: 4/8
  1502 | D:2      | Learned a level 2 spell: Scorch
  1506 | D:2      | Learned a level 3 spell: Conjure Flame
  1537 | D:2      | Bought a scroll of identify for 22 gold pieces
  1576 | D:2      | Found Emaaciet's Distillery.
  1880 | D:2      | Found Vairim's Weapon Shop.
  1883 | D:2      | Found Hiplo's Book Shoppe.
  2088 | D:2      | Found a runed translucent door.
  2089 | D:2      | Noticed Crazy Yiuf
  2445 | D:3      | Noticed a necrophage
  2453 | D:3      | Killed a necrophage
  2454 | D:3      | Reached skill level 1 in Fighting
  2454 | D:3      | Reached XP level 4. HP: 35/35 MP: 1/10
  3329 | D:3      | You fall into a shaft and drop 1 floor!
  3333 | D:4      | Reached skill level 1 in Shields
  3460 | D:4      | Noticed Edmund
  3462 | D:4      | Noticed Sigmund
  3474 | D:4      | Noticed Menkaure
  3498 | D:4      | Reached XP level 5. HP: 40/40 MP: 11/11
  3533 | D:4      | Found a sand-covered staircase.
  3586 | Ossuary  | Entered an ossuary
  3860 | Ossuary  | Reached skill level 4 in Fire Magic
  4164 | D:4      | Reached XP level 6. HP: 35/48 MP: 0/13
  4564 | D:4      | Killed Menkaure
  4828 | D:4      | Found a staircase to the Ecumenical Temple.
  4846 | D:4      | Paralysed by an orc for 4 turns
  5357 | D:4      | Killed Sigmund
  5358 | D:4      | Reached XP level 7. HP: 56/56 MP: 8/14
  5437 | D:4      | Killed Edmund
  5438 | D:4      | Reached skill level 5 in Fire Magic
  5729 | D:5      | Entered Level 5 of the Dungeon
  6900 | D:5      | Reached XP level 8. HP: 63/63 MP: 11/16
  7214 | D:5      | Reached skill level 6 in Fire Magic
  7248 | D:5      | Paralysed by an orc for 3 turns
  7664 | D:6      | Learned a level 3 spell: Inner Flame
  7669 | D:6      | Learned a level 4 spell: Flame Wave
  7859 | D:6      | Found Canaryf's Distillery.
  7869 | D:6      | Bought a potion of berserk rage for 60 gold pieces
  7869 | D:6      | Bought a potion of ambrosia for 96 gold pieces
  7958 | D:6      | Found Fakib's Magic Scroll Shoppe.
  7966 | D:6      | Bought a scroll of identify for 20 gold pieces
  7966 | D:6      | Bought a scroll of immolation for 35 gold pieces
  7996 | D:6      | Noticed a hornet
  7997 | D:6      | Paralysed by a hornet for 2 turns
  8298 | D:6      | Found Kourydas's Distillery.
  8915 | D:7      | Found a transporter.
  8916 | D:7      | Noticed Athor's ghost (novice VSFi)
  8932 | D:7      | Found a transporter.
  9376 | D:7      | Reached XP level 9. HP: 45/71 MP: 13/19
  9835 | D:8      | Reached skill level 7 in Fire Magic
 10720 | D:8      | Reached skill level 5 in Dodging
 11230 | D:8      | Found a staircase to the Lair.
 11497 | D:8      | Reached skill level 5 in Conjurations
 11760 | D:9      | Reached skill level 5 in Spellcasting
 11826 | D:9      | Found a staircase to the Orcish Mines.
 12182 | D:9      | Reached skill level 5 in Fighting
 12182 | D:9      | Reached skill level 8 in Fire Magic
 12192 | D:9      | Reached XP level 10. HP: 69/81 MP: 9/21
 12431 | D:10     | Entered Level 10 of the Dungeon
 14002 | D:11     | Noticed a manticore
 14002 | D:11     | Noticed a two-headed ogre
 14022 | D:11     | Reached skill level 9 in Fire Magic
 15801 | D:11     | Killed a two-headed ogre
 15802 | D:11     | Reached skill level 5 in Stealth
 15952 | D:11     | Reached XP level 11. HP: 60/89 MP: 6/23
 17026 | Lair:1   | Entered Level 1 of the Lair of Beasts
 17777 | Lair:1   | Noticed a four-headed hydra
 18396 | Lair:1   | HP: 4/91 [poisoned by a cane toad]
 18400 | Lair:1   | HP: 1/91 [poisoned by a cane toad]
 18644 | Lair:1   | Killed a four-headed hydra
 18645 | Lair:1   | Reached skill level 10 in Fire Magic
 19512 | D:2      | Bought a Trismegistus Codex for 392 gold pieces
 19516 | D:2      | Learned a level 3 spell: Mephitic Cloud
 19520 | D:2      | Learned a level 3 spell: Ignite Poison
 19660 | Lair:2   | Noticed a bog body
 20309 | Lair:2   | HP: 2/91 [cane toad (10)]
 21035 | Lair:2   | Killed a bog body
 21424 | Lair:2   | Found a hole to the Spider Nest.
 21424 | Lair:2   | Noticed an orb spider
 21488 | Lair:2   | Killed an orb spider
 21931 | Lair:2   | Found a staircase to the Swamp.
 22173 | Lair:2   | Reached XP level 12. HP: 100/100 MP: 22/26
 22493 | Lair:3   | Noticed a seven-headed hydra
 22526 | Lair:3   | Killed a seven-headed hydra
 22992 | Lair:3   | Identified a scroll of acquirement
 23013 | Lair:3   | Reached skill level 11 in Fire Magic
 23680 | Lair:3   | Acquired a staff of fire
 24261 | Lair:4   | Noticed an eight-headed hydra
 25605 | Lair:4   | Killed an eight-headed hydra
 26411 | Lair:5   | Noticed a four-headed hydra
 26420 | Lair:5   | Killed a four-headed hydra
 26508 | Lair:5   | Noticed an eight-headed hydra
 26517 | Lair:5   | Killed an eight-headed hydra
 27490 | Lair:5   | Found a staircase to the Slime Pits.
 27615 | Lair:6   | Entered Level 6 of the Lair of Beasts
 27615 | Lair:6   | Noticed Snorg
 27819 | Lair:6   | Reached XP level 13. HP: 95/107 MP: 23/29
 28003 | Lair:6   | Reached skill level 12 in Fire Magic
 29351 | Lair:6   | Killed Snorg
 32906 | D:12     | Noticed Nergalle
 33020 | D:12     | Noticed Urug
 33083 | D:12     | HP: 3/101 [Urug/+4 broad axe of draining (24)]
 33083 | D:12     | Slain by Urug

Illustrated notes

Levels and vault maps discovered:
D:1:      lemuel_arrival_broad_hall, layout_loops_ring,
          shapermc_ecumenical_altar_mp_vishouse, corexii_leaking_fountain
D:2:      layout_basic, serial_shops, nicolae_square_shop,
          nicolae_shop_temple_entry_statues_fountains, nicolae_shop_stone,
          nicolae_shop_waterfront, corexii_shack, uniq_crazy_yiuf_cottage
D:3:      layout_basic, mainiacjoe_overflow_six_doors_small,
          mainiacjoe_overflow_tiny_flanked, grunt_temple_overflow_cloverleaf,
          kennysheep_jessica_study
D:4:      layout_loops_ring, temple_statues, enter_ossuary_3,
          skrybe_limestone_x, sigmund_edmund_badplayer, uniq_menkaure
D:5:      layout_cave_pools, led_sif_book, chequers_serial_rivers_small_a
D:6:      layout_gridville, serial_shops, nicolae_square_shop, shop,
          nicolae_diamond_shop
D:7:      cheibrodos_helix_gallery, layout_loops_ring,
          gammafunk_ghost_stat_death, enter_bailey_5
D:8:      layout_basic, erik_lair_orcish_takeover
D:9:      layout_gridville, orc_0_dummy, st_stairs_6
D:10:     layout_irregular_city, kennysheep_mini, lemuel_crystal_altar,
          mainiacjoe_overflow_paths, serial_undead, serial_undead_f,
          serial_undead_b, serial_undead_c, serial_undead_d
D:11:     layout_long_grid, nicolae_zen_rock_garden, bloody_trog
D:12:     layout_roguey, uniq_nergalle, uniq_lodul, uniq_urug
Lair:1:   layout_cave_pods, basic_altar, nicolae_quartered_pool_medium,
          st_stairs_3, infiniplex_staircase_pool, serial_bayou_shore_b,
          grunt_megastairs_1, lemuel_fruit_tree
Lair:2:   layout_gridlike, skrybe_swamp_entry_bodies,
          nicolae_spider_entry_orb_guardian, dreamdust_mushroom_princess,
          beast_lair_carwin_10
Lair:3:   layout_gridlike
Lair:4:   layout_cave_pods, nicolae_lair_lil_pond, grunt_megastairs_4
Lair:5:   layout_hall_layers, dpeg_slime_entry_enclosed_altar
Lair:6:   minmay_lair_end_frog_pond, layout_hall_layers, lemuel_fruit_fields,
          infiniplex_staircase_pool_2, uniq_snorg

Skill      XL: |  1  2  3  4  5  6  7  8  9 10 11 12 13 |
---------------+----------------------------------------+-----
Conjurations   | 1 2 3 4 5 6 7 8 9 |  9.0
Fire Magic     | 3 4 5 6 8 9 10 11 12 | 12.9
Spellcasting   | 2 3 4 5 6 7 8 |  8.7
Dodging        | 2 3 4 5 6 7 8 9 |  9.3
Fighting       | 1 2 3 4 5 6 7 8 |  8.9
Shields        | 1 2 3 |  3.0
Stealth        | 2 3 5 6 7 8 |  8.6

Action                   |  1- 3 |  4- 6 |  7- 9 | 10-12 | 13-15 || total
-------------------------+-------+-------+-------+-------+-------++-------
Melee: Whip              |    15 |    57 |    11 |    37 |       ||   120
       Punch             |     1 |       |       |       |       ||     1
       Staff             |       |       |       |     8 |    18 ||    26
 Cast: Foxfire           |    64 |    81 |   198 |   290 |    83 ||   716
       Scorch            |     6 |    34 |    87 |   146 |    41 ||   314
       Conjure Flame     |       |       |     8 |    16 |     1 ||    25
       Inner Flame       |       |       |     2 |     1 |       ||     3
       Flame Wave        |       |       |     1 |    54 |    37 ||    92
       Mephitic Cloud    |       |       |       |     1 |       ||     1
       Ignite Poison     |       |       |       |     1 |       ||     1
Evoke: Wand              |       |       |     4 |     4 |       ||     8
  Use: Scroll            |    10 |     6 |    10 |    13 |     2 ||    41
       Potion            |       |     4 |     1 |     3 |       ||     8
 Stab: Sleeping          |     1 |       |       |     1 |       ||     2
Armor: Robe              |     4 |    20 |    19 |       |       ||    43
       Skin              |       |    25 |       |       |       ||    25
       Steam dragon scal |       |       |     4 |   121 |    87 ||   212
Dodge: Dodged            |    22 |    60 |   105 |   292 |   141 ||   620
Block: Buckler           |     1 |    31 |    47 |    99 |    89 ||   267

Table legend: (Time is in decaauts)
 A = Elapsed time spent in this place.
 B = Non-inter-level travel time spent in this place.
 C = Inter-level travel time spent in this place.
 D = Time resting spent in this place.
 E = Time spent auto-exploring this place.
 F = Levels seen in this place.
 G = Mean time per level.
                   A        B        C        D        E       F      G
               +--------+--------+--------+--------+--------+-----+--------+
         Total |  33209 |  31875 |   1334 |   8970 |  18464 |  19 | 1747.8 |
       Dungeon |  17303 |  16521 |    782 |   4143 |   9824 |  12 | 1441.9 |
          Lair |  15356 |  14805 |    551 |   4806 |   8237 |   6 | 2559.3 |
       Ossuary |    549 |    549 |      0 |     21 |    402 |   1 |  549.0 |
               +--------+--------+--------+--------+--------+-----+--------+

Top non-repeatable levels by time:
  Lair:6: 3915 daAuts
  Lair:1: 2987 daAuts
    D:11: 2706 daAuts
     D:4: 2674 daAuts
  Lair:4: 2267 daAuts
  Lair:5: 2159 daAuts
  Lair:2: 2097 daAuts
  Lair:3: 1929 daAuts
    D:10: 1892 daAuts
     D:7: 1546 daAuts
     D:8: 1487 daAuts
     D:1: 1339 daAuts
     D:6: 1200 daAuts
     D:3: 1090 daAuts
     D:5: 1072 daAuts
